AoeStats
← certaingoosetragedy

Arabian Desert

508965337Analyzed
1v1 RM · 9d ago on Sep 24, 2026· 42m 48s· 2 players
Game mode
Random Map
Map size
Tiny (2 player)
Population
200
Speed
Normal
Resources
Standard
Victory
Conquest
Starting age
Dark Age
Ending age
Imperial Age
RankedLock teamsTeams togetherTeam positionsShared explorationLock speedFull tech treeHidden civsTurbo modeCheats
Victory
Defeat
🇺🇸 Franks · United States
823
+31
🇺🇸 Goths · United States
788
-14
dogman
10:13 Feudal Age
10:21 Man-at-Arms
10:53 Horse Collar
11:04 Double-Bit Axe
18:14 Forging
22:22 Castle Age
20:08 Loom
21:39 Scale Mail Armor
22:31 Long Swordsman
23:27 Bow Saw
26:24 Heavy Plow
26:46 Chain Mail Armor
27:00 Squires
27:51 Pikeman
35:13 Imperial Age
33:51 Iron Casting
33:59 Elite Skirmisher
34:39 Fletching
34:50 Padded Archer Armor
certaingoosetragedy
10:16 Feudal Age
26:12 Castle Age
30:03 Wheelbarrow
29:48 Double-Bit Axe
33:16 Light Cavalry
34:12 Scale Barding Armor
34:18 Forging
34:09 Man-at-Arms
35:36 Bow Saw
40:01 Crossbowman
44:03 Iron Casting
Connection lost

Rejoining the realm…

Still unreachable

The connection could not be restored.

Session expired

The server has moved on; the page needs a fresh start.